 Dungeon Crawl Stone Soup version 0.28-a0-1493-g08698888e4 (webtiles) character file.

Game seed: 2001113771669400955

279 lonewolfV2 the Covered (level 6, 0/52 HPs)
             Began as a Ghoul Fighter on Jan 12, 2022.
             Slain by a kobold (2 damage)
             ... on level 4 of the Dungeon.
             The game lasted 00:09:17 (3144 turns).

lonewolfV2 the Covered (Ghoul Fighter)              Turns: 3144, Time: 00:09:17

Health: 0/52       AC:  7    Str: 22    XL:     6   Next: 26%
Magic:  5/5        EV:  9    Int:  6    God:
Gold:   90         SH:  4    Dex:  8    Spells: 5/5 levels left

rFire   + . .      SeeInvis .   c - +0 falchion (venom)
rCold   + . .      Faith    .   f - +0 buckler "Sanikae" {rC+ Int+3}
rNeg    + + +      Spirit   .   a - +0 scale mail
rPois   ∞          Reflect  .   (no helmet)
rElec   .          Harm     .   (no cloak)
rCorr   .          Rampage  .   (no gloves)
Will    .....                   (no boots)
Stlth   ..........              (no amulet)
HPRegen 0.00/turn               h - ring of fire
MPRegen 0.09/turn               (no ring)

@: attractive, flying, inhibited regen, invisible
A: claws 1, cold resistance 1, negative energy resistance 3, inhibited
regeneration, torment resistance 2
a: no special abilities


You were on level 4 of the Dungeon.
You visited 1 branch of the dungeon, and saw 4 of its levels.

You collected 90 gold pieces.

Inventory:

Hand Weapons
 c - a +0 falchion of venom (weapon)
Armour
 a - a +0 scale mail (worn)
 f - the +0 buckler "Sanikae" (worn) {rC+ Int+3}
   (You acquired it on level 2 of the Dungeon)

   Int:       It affects your intelligence (+3).
   rC:        It protects you from cold.
Jewellery
 h - a ring of fire (left claw)
Scrolls
 b - a scroll of identify
Potions
 e - a potion of cancellation
 g - 2 potions of mutation
 i - a potion of invisibility
 k - 2 potions of brilliance


   Skills:
 + Level 4.0 Fighting
 + Level 0.8 Long Blades
 + Level 4.5 Armour
 + Level 1.0 Dodging
 + Level 0.2 Stealth
 + Level 3.4 Shields
 + Level 3.4 Unarmed Combat


You had 5 spell levels left.
You didn't know any spells.
Your spell library was empty.

Dungeon Overview and Level Annotations

Branches:
Dungeon (4/15)
 Temple: D:4-7

Altars:


Innate Abilities, Weirdness & Mutations

You thrive by killing the living.
You are immune to poison.
You have sharp fingernails.
Your flesh is cold resistant. (rC+)
You are immune to negative energy. (rN+++)
You do not regenerate when monsters are visible.
You are immune to unholy pain and torment.


Message History

The black bear claws you but does no damage. x2
The kobold closely misses you.
You hit the black bear but do no damage.
The black bear looks even sicker.
The black bear is moderately wounded.
The black bear barely misses you. x3; You block the kobold's attack.
You block the black bear's attack. The black bear claws you.
The black bear claws you but does no damage.
You hit the black bear but do no damage.
The black bear looks as sick as possible!
The black bear is moderately wounded.
The kobold hits you but does no damage.
You are electrocuted!
* * * LOW HITPOINT WARNING * * *
You block the black bear's attack.
The black bear claws you but does no damage.
The black bear barely misses you.
You feel very buoyant.
You fly up into the air.
The kobold hits you but does no damage. The black bear barely misses you.
The black bear closely misses you. The black bear claws you.
* * * LOW HITPOINT WARNING * * *
You slash the black bear!
The black bear looks as sick as possible!
The black bear is heavily wounded.
The kobold hits you with a +1 dagger of electrocution.
* * * LOW HITPOINT WARNING * * *
The black bear bites you but does no damage.
The black bear claws you but does no damage. x2
As you read the scroll labelled QUDYPS QUEROSM, it crumbles to dust.
You hear a loud clanging noise!
It was a scroll of noise.
You hear a shout! x5
The kobold hits you with a +1 dagger of electrocution.
* * * LOW HITPOINT WARNING * * *
The black bear bites you.
* * * LOW HITPOINT WARNING * * *
The black bear claws you but does no damage. x2
You fade into invisibility!
The kobold hits you with a +1 dagger of electrocution.
You die...

.#######.########
.................
#####..........>
#.#.########
#.#.# #.#.#
###.#.# ##.....#
######@.###..#
##...ZKh##!##.#
#.....KJK..$#...
#...###Z...## #.#
#.. .....# .# #.
$....... . #
#......#..#
###....##.#
.....! ..


You could see a black bear (extremely poisoned), an endoplasm, 3 kobolds, an
adder skeleton and a hound skeleton.

Vanquished Creatures
  A necrophage (D:4)
  A scorpion (D:4)
  An orc wizard (D:3)
  2 adders
  An ufetubus (D:4)
  3 dart slugs
  A worm (D:3)
  9 orcs
  4 endoplasms
  4 giant cockroaches
  13 goblins
  7 hobgoblins
  2 jackals (D:2)
  4 kobolds
  A quokka (D:1)
  5 ball pythons
  3 bats
  4 frilled lizards
  4 rats
70 creatures vanquished.

Notes
Turn   | Place    | Note
-------+----------+-------------------------------------------
     0 | D:1      | lonewolfV2 the Ghoul Fighter began the quest for the Orb.
     0 | D:1      | Reached XP level 1. HP: 19/19 MP: 0/0
    45 | D:1      | Reached XP level 2. HP: 23/26 MP: 1/1
   376 | D:1      | Found a faded altar of an unknown god.
   422 | D:1      | Reached XP level 3. HP: 33/33 MP: 2/2
   849 | D:2      | Reached XP level 4. HP: 28/40 MP: 3/3
  1142 | D:2      | Identified a scroll of acquirement
  1142 | D:2      | Acquired the +0 buckler "Sanikae" {rC+ Int+3}
  2571 | D:3      | Reached XP level 5. HP: 45/46 MP: 4/4
  3027 | D:4      | Noticed a necrophage
  3043 | D:4      | Killed a necrophage
  3044 | D:4      | Reached skill level 1 in Dodging
  3044 | D:4      | Reached XP level 6. HP: 38/52 MP: 5/5
  3130 | D:4      | Noticed a black bear
  3143 | D:4      | HP: 2/52 [black bear (1)]
  3144 | D:4      | Slain by a kobold

Illustrated notes

Levels and vault maps discovered:
D:1:      ncdulo_wetmaze, layout_rooms, chequers_ecumenical_altar_simple,
          nicolae_concentric_dashed_squares_mild, serial_park_tiny_2,
          minmay_heptomino_h4
D:2:      layout_loops_ring, minmay_vboxes
D:3:      layout_rooms
D:4:      layout_loops_ring, minmay_temple_entry_glass, minmay_three_crescents,
          uniq_crazy_yiuf_cottage, uniq_edmund

Skill      XL: |  1  2  3  4  5 |
---------------+----------------+-----
Shields        | 3 |  3.4
Armour         | 3 4 |  4.5
Unarmed Combat | 3 |  3.4
Fighting       | 4 |  4.0
Dodging        | 1 |  1.0
Long Blades    | |  0.8
Stealth        | |  0.2

Action                   |  1- 3 |  4- 6 || total
-------------------------+-------+-------++-------
Melee: Unarmed           |   110 |    78 ||   188
       Falchion          |       |    46 ||    46
  Use: Scroll            |     3 |    11 ||    14
       Potion            |       |     6 ||     6
Armor: Scale mail        |    63 |    96 ||   159
Dodge: Dodged            |    67 |    67 ||   134
Block: Buckler           |    32 |    31 ||    63

Table legend: (Time is in decaauts)
 A = Elapsed time spent in this place.
 B = Non-inter-level travel time spent in this place.
 C = Inter-level travel time spent in this place.
 D = Time resting spent in this place.
 E = Time spent auto-exploring this place.
 F = Levels seen in this place.
 G = Mean time per level.
                   A        B        C        D        E       F      G
               +--------+--------+--------+--------+--------+-----+--------+
         Total |   3164 |   3079 |     85 |    731 |   1658 |   4 |  791.0 |
       Dungeon |   3164 |   3079 |     85 |    731 |   1658 |   4 |  791.0 |
               +--------+--------+--------+--------+--------+-----+--------+

Top non-repeatable levels by time:
     D:3: 1237 daAuts
     D:2: 871 daAuts
     D:1: 697 daAuts
     D:4: 358 daAuts
